 Dungeon Crawl Stone Soup version 0.27.1-33-g824d729ab1 (webtiles) character file.

Game seed: 16819485291283779711

42 belegose the Magician (level 3, -4/27 HPs)
             Began as a Djinni Hedge Wizard on Dec 31, 2021.
             Killed by divine providence
             ... invoked by an orc priest
              (14 damage)
             ... on level 4 of the Dungeon.
             The game lasted 00:05:47 (3141 turns).

belegose the Magician (Djinni Hedge Wizard)         Turns: 3141, Time: 00:05:47

Health: -4/27      AC:  2    Str: 10    XL:     3   Next: 77%
Gold:   116        EV: 12    Int: 15    God:
                   SH:  0    Dex: 12

rFire    + + .     SeeInvis .   f - +1 dagger (flame)
rCold    x . .     Faith    .   (no shield)
rNeg     . . .     Spirit   .   b - +0 robe
rPois    ∞         Reflect  .   c - +0 hat
rElec    .         Harm     .   (no cloak)
rCorr    .         Rampage  .   (no gloves)
Will     .....                  (boots unavailable)
Stlth    ++........             (no amulet)
HPRegen  0.09/turn              (no ring)
MPRegen  0.00/turn              (no ring)

@: flying, very slightly contaminated
A: sickness immunity, fire resistance 2, cold vulnerability 1, float, innate
caster, hp casting, extra vitality 1
a: no special abilities


You were on level 4 of the Dungeon.
You visited 1 branch of the dungeon, and saw 4 of its levels.

You collected 116 gold pieces.

Inventory:

Hand Weapons
 a - a +0 hunting sling
 f - a +1 dagger of flaming (weapon)
 h - a +0 dagger of freezing
 s - a +0 mace
Missiles
 j - 25 sling bullets
 m - 63 stones
 t - 5 boomerangs
Armour
 b - a +0 robe (worn)
 c - a +0 hat (worn)
Scrolls
 g - a scroll of amnesia {unknown}
 k - a scroll of enchant armour {unknown}
 l - a scroll of blinking {unknown}
 n - a scroll of immolation {unknown}
 o - 2 scrolls of identify {unknown}
 p - a scroll of magic mapping {unknown}
 q - a scroll of enchant weapon {unknown}
 u - a scroll of teleportation {unknown}
Potions
 d - a potion of attraction {unknown}
 e - a potion of flight {unknown}
 i - 3 potions of curing {unknown}
 r - a potion of might {unknown}


   Skills:
 + Level 1.3 Fighting
 + Level 2.7 Dodging
 + Level 2.1 Stealth
 + Level 2.7 Spellcasting


You couldn't memorise any spells.
You knew the following spells:

 Your Spells              Type           Power      Damage    Failure   Level
a - Magic Dart            Conj           40%        1d5       7%          1
b - Blink                 Tloc           N/A        N/A       10%         2
c - Call Imp              Summ           10%        N/A       10%         2
d - Slow                  Hex            10%        N/A       10%         2
e - Conjure Flame         Conj/Fire      10%        6-21      21%         3
f - Mephitic Cloud        Conj/Pois/Air  10%        N/A       21%         3
g - Pain                  Necr           40%        1d6       7%          1
Your spell library was empty.

Dungeon Overview and Level Annotations

Branches:
Dungeon (4/15)
 Temple: D:4-7

Altars:
Ru

Shops:
D:4 =


Innate Abilities, Weirdness & Mutations

You are immune to sickness and miasma.
You are immune to poison.
Your flesh is very heat resistant. (rF++)
You are vulnerable to cold. (rC-)
You float through the air rather than walking.
You learn spells naturally, not from books.
Your magical power is your life essence.
You have superior vitality. (+4 HP)


Message History

You miscast Blink.
You are very lightly contaminated with residual magic.
Nothing appears to happen.
The bullfrog skeleton barely misses you.
Unknown command.
Casting: Blink (safe; 10% risk of failure)
Confirm with . or Enter, or press ? or * to list all spells.
You blink.
Unknown command.
Casting: Blink (safe; 10% risk of failure)
Confirm with . or Enter, or press ? or * to list all spells.
A beastly little devil appears in a puff of flame.
Unknown command.
Casting: Call Imp (safe; 10% risk of failure)
Confirm with . or Enter, or press ? or * to list all spells.
You miscast Call Imp.
Nothing appears to happen.
Unknown command.
You swap places.
The bullfrog skeleton hits your crimson imp.
Casting: Call Imp (safe; 10% risk of failure)
Confirm with . or Enter, or press ? or * to list all spells.
A beastly little devil appears in a puff of flame.
The bullfrog skeleton hits your crimson imp.
Unknown command.
The bullfrog skeleton completely misses your crimson imp.
Your crimson imp hits the bullfrog skeleton.
Found a stone staircase leading down.
The bullfrog skeleton hits your crimson imp but does no damage.
Your crimson imp blinks!
Your crimson imp hits the bullfrog skeleton.
Your crimson imp barely misses the bullfrog skeleton.
The orc priest shouts!
You hit the orc priest. You burn the orc priest.
The orc priest is moderately wounded.
The orc priest hits you with a +0 dagger.
The orc wizard closely misses you. The bullfrog skeleton hits you.
The orc priest mumbles some strange prayers to Beogh against you.
Beogh smites you!
Ouch! That really hurt!
You die...

.# #.# #.# #.# #.####.#########
#.#.......5....# ..
########......#...###.# #.
####.......##.###.....# ..
..........Z5># ##...## #.
#...###.o.#### ##.## #.
#...###.@o# #.# #. #...#.....#
#.# #.###.###...#.##..# ##'##
#.......)...#.##..# ##...##
#####.####........# ##.....##
#.. #.......## ##.<<....##
..#.#.#####.#...####.........#
......go..........>.+.........+
#[.
.{##.####<....####..∩......#


You could see an orc priest, an orc wizard, a bullfrog skeleton (ally target)
and a friendly crimson imp (summoned).

Vanquished Creatures
  2 orcs
  4 ball pythons
  7 bats
  2 endoplasms (D:1)
  6 giant cockroaches
  5 goblins
  4 hobgoblins
  A kobold (D:2)
  2 frilled lizards
  A rat (D:3)
34 creatures vanquished.

Notes
Turn   | Place    | Note
-------+----------+-------------------------------------------
     0 | D:1      | belegose the Djinni Hedge Wizard began the quest for the
                  | Orb.
     0 | D:1      | Reached XP level 1. HP: 15/15 MP: 0/0
   395 | D:1      | Reached XP level 2. HP: 22/22 MP: 0/0
   399 | D:1      | Found a faded altar of an unknown god.
   907 | D:1      | Reached skill level 1 in Fighting
  1091 | D:1      | Reached XP level 3. HP: 27/27 MP: 0/0
  1091 | D:1      | Learned a level 1 spell: Pain
  2246 | D:3      | Found a sacrificial altar of Ru.
  2943 | D:4      | Found Inaif's Jewellery Emporium.
  3141 | D:4      | Killed from afar by an orc priest

Illustrated notes

Levels and vault maps discovered:
D:1:      nzn_arrival_depleted_hourglass, layout_basic, basic_ecumenical_altar
D:2:      layout_rooms
D:3:      layout_loops_ring, mainiacjoe_overflow_24_doors, minivault_5
D:4:      layout_loops_corners, kennysheep_mini, nicolae_uskayaw_en_pointe,
          minmay_temple_entry_hall, serial_shops, shop, nicolae_shop_self_help,
          uniq_sigmund

Skill      XL: |  1  2 |
---------------+-------+-----
Fighting       | 1 |  1.3
Stealth        | 2 |  2.1
Dodging        | |  2.7
Spellcasting   | |  2.7

Action                   || total
-------------------------++-------
Melee: Dagger            ||    56
 Cast: Magic Dart        ||    52
       Call Imp          ||     2
       Blink             ||     1
 Stab: Sleeping          ||     6
Armor: Robe              ||     9
Dodge: Dodged            ||    42
